Map: Oxide LE

Players

SKillous

  • Race: Protoss Protoss

MaxPax - Winner!

  • Race: Protoss Protoss

Event: DreamHack SC2 Masters 2021 Fall

VOD

Have the link to the VOD?

Description

Time

  • Played on: Aug. 13, 2021, 9:23 a.m.
  • Length: 18:00

All games in this series

Show
View Real Time Build Order
Export as new Build Order

SKillous Protoss 

Build Orders:  

Get SALT Encoding   

  12  0:00  Probe  
  13  0:12  Probe  
  14  0:19  Pylon  
  14  0:24  Probe  
  15  0:37  Probe (Chrono Boost)  
  15  0:38  Gateway  
  16  0:46  Assimilator, Probe (Chrono Boost)  
  17  0:51  Probe  
  17  0:55  Assimilator  
  18  1:03  Probe (Chrono Boost)  
  19  1:05  Pylon  
  19  1:12  Probe (Chrono Boost)  
  20  1:19  Probe  
  21  1:26  Cybernetics Core  
  21  1:30  Zealot  
  21  1:32  Probe  
  24  1:44  Probe  
  25  1:56  Probe  
  26  2:02  Stalker (Chrono Boost)  
  26  2:05  Warp Gate  
  28  2:19  Nexus  
  28  2:27  Stalker  
  30  2:37  Pylon  
  30  2:38  Probe  
  31  2:48  Shield Battery  
  31  2:55  Probe  
  32  2:59  Stalker  
  32  3:07  Probe  
  33  3:12  Gateway  
  33  3:17  Shield Battery  
  33  3:19  Probe  
  34  3:29  Sentry  
  34  3:31  Probe (Chrono Boost)  
  37  3:37  Twilight Council  
  37  3:40  Probe (Chrono Boost)  
  39  3:42  Probe (Chrono Boost)  
  39  3:47  Probe x2 (Chrono Boost)  
  41  3:58  Probe (Chrono Boost)  
  41  3:59  Probe (Chrono Boost)  
  43  4:09  Sentry  
  47  4:10  Probe (Chrono Boost)  
  47  4:11  Blink (Chrono Boost)  
  47  4:12  Sentry  
  47  4:15  Probe (Chrono Boost)  
  48  4:17  Probe (Chrono Boost)  
  48  4:22  Probe  
  50  4:26  Probe  
  51  4:32  Pylon  
  51  4:34  Probe  
  52  4:40  Probe  
  52  4:44  Assimilator  
  53  4:46  Forge, Probe  
  54  4:53  Pylon  
  54  4:55  Pylon  
  54  4:57  Probe  
  54  5:02  Gateway x2  
  54  5:03  Probe  
  54  5:06  Stalker  
  57  5:08  Stalker  
  57  5:10  Probe  
  57  5:13  Protoss Ground Weapons Level 1 (Chrono Boost)  
  60  5:17  Pylon  
  60  5:23  Robotics Facility  
  60  5:25  Pylon  
  60  5:26  Pylon  
  60  5:34  Stalker  
  62  5:44  Nexus  
  62  5:47  Shield Battery  
  62  5:49  Probe x2  
  64  5:54  Stalker  
  64  5:56  Stalker  
  68  6:01  Stalker, Probe  
  68  6:03  Probe  
  64  6:20  Stalker x2  
  64  6:24  Observer (Chrono Boost), Probe  
  70  6:27  Probe  
  70  6:28  Photon Cannon  
  70  6:29  Stalker  
  70  6:32  Charge  
  73  6:33  Gateway  
  73  6:36  Probe  
  72  6:43  Probe  
  71  6:48  Probe  
  72  6:55  Probe  
  72  6:56  Observer  
  72  6:58  Gateway x2  
  72  6:59  Gateway  
  72  7:01  Probe x2  
  76  7:04  Stalker x2  
  76  7:07  Probe  
  76  7:08  Stalker  
  81  7:12  Protoss Ground Weapons Level 2 (Chrono Boost)  
  81  7:20  Probe  
  78  7:25  Probe  
  78  7:29  Probe  
  79  7:35  Stalker x4  
  79  7:36  Probe  
  88  7:37  Pylon, Probe  
  88  7:42  Probe  
  90  7:45  Templar Archives  
  90  7:46  Assimilator  
  90  7:47  Assimilator  
  90  7:48  Probe  
  90  7:49  Probe  
  92  7:54  Probe  
  92  7:57  Pylon  
  93  7:59  Pylon  
  93  8:00  Probe  
  93  8:01  Pylon  
  93  8:03  Assimilator  
  94  8:08  Probe  
  94  8:10  Gateway, Probe  
  94  8:11  Gateway  
  96  8:16  Pylon, Gateway  
  96  8:19  Gateway  
  96  8:22  Observer  
  96  8:24  High Templar x2, Zealot x2  
  105  8:31  Archon  
  105  8:32  Stalker  
  107  8:42  Photon Cannon  
  107  8:44  High Templar  
  107  8:45  Photon Cannon, High Templar  
  107  8:46  Zealot x2  
  115  8:50  Warp Prism (Chrono Boost)  
  115  8:51  Gateway  
  115  8:52  Archon  
  117  8:57  Probe  
  117  9:01  Pylon  
  118  9:03  Zealot x3  
  118  9:07  Shield Battery  
  118  9:09  High Templar  
  126  9:10  High Templar  
  126  9:11  Zealot  
  126  9:13  Pylon  
  126  9:15  Archon  
  130  9:17  Sentry  
  130  9:22  Zealot x4  
  140  9:25  Pylon  
  140  9:31  Pylon  
  140  9:32  Pylon  
  140  9:33  Zealot  
  142  9:40  Zealot x3  
  148  9:56  Zealot x7  
  158  10:08  Nexus  
  154  10:15  High Templar x2  
  154  10:16  High Templar x2  
  154  10:17  High Templar x2, Zealot  
  154  10:20  Archon  
  168  10:22  Archon  
  168  10:23  Archon  
  168  10:27  Pylon x2  
  166  10:30  Observer  
  166  10:31  Photon Cannon  
  166  10:33  Pylon  
  162  10:38  Observer  
  162  10:39  Zealot x4  
  164  10:48  Zealot x4  
  152  10:53  Observer  
  152  10:56  Zealot x3  
  133  10:58  Zealot  
  122  11:04  Zealot x4  
  118  11:12  Zealot x4  
  118  11:14  Observer  
  113  11:24  Zealot x4  
  113  11:25  High Templar x2  
  115  11:29  Archon  
  115  11:31  Zealot x2  
  107  11:33  Zealot  
  107  11:35  Observer  
  92  11:44  Zealot x4  
  96  11:50  Zealot x3  
  90  12:06  High Templar x5  
  90  12:07  High Templar x4  
  90  12:08  Observer  
  108  12:10  Archon x2  
  108  12:11  Archon x2  
  108  12:12  High Templar  
  110  12:17  Archon  
  110  12:23  Observer  
  110  12:24  Nexus  
  110  12:30  Zealot x2  
  110  12:32  Pylon  
  114  12:42  Nexus, Pylon  
  114  12:47  Observer  
  114  12:51  Zealot x6  
  114  12:52  Zealot x3  
  104  13:09  Zealot x3  
  103  13:21  Observer  
  103  13:26  High Templar x4  
  112  13:27  Stalker x5  
  112  13:31  Archon  
  112  13:32  Archon, Stalker x2  
  112  13:33  Stalker  
  127  13:36  Shield Battery  
  127  13:51  Zealot x2  
  127  13:52  Zealot x3  
  135  14:04  Zealot x3  
  135  14:05  Zealot x4  
  139  14:22  Observer (Chrono Boost)  
  125  14:28  Zealot x7  
  130  14:39  Observer (Chrono Boost)  
  131  14:48  High Templar  
  131  14:49  High Templar x3  
  139  14:52  Stalker x3  
  139  14:54  Archon x2  
  139  14:55  Observer  
  146  15:01  Stalker x2  
  150  15:10  Stalker  
  152  15:16  Observer  
  139  15:26  Zealot x7  
  125  15:37  Zealot x3  
  99  15:57  Stalker x5  
  95  16:00  Stalker  
  97  16:08  Stalker x2  
  97  16:11  High Templar x2  
  105  16:15  Archon  
  105  16:20  Zealot x3  
  110  16:28  Zealot x3  
  108  16:32  Zealot  
  110  16:45  High Templar x4  
  118  16:47  Zealot x2  
  118  16:49  Archon x2  
  118  16:52  Zealot x2  
  110  17:09  Stalker x4  
  110  17:14  Observer  
  112  17:22  Stalker x4  
  114  17:25  Observer  
  108  17:31  Zealot x2  
  105  17:38  Stalker  
  103  17:50  Zealot x2  
Show
View Real Time Build Order
Export as new Build Order

MaxPax Protoss - Winner!

Build Orders: Oracle Opening, Zealot Archon 

Get SALT Encoding   

  12  0:00  Probe  
  13  0:12  Probe  
  14  0:19  Pylon  
  14  0:24  Probe  
  15  0:37  Probe (Chrono Boost)  
  15  0:38  Gateway  
  16  0:46  Probe (Chrono Boost)  
  16  0:47  Assimilator  
  17  0:51  Probe (Chrono Boost)  
  18  1:03  Probe (Chrono Boost)  
  19  1:06  Assimilator  
  19  1:08  Pylon  
  19  1:17  Probe (Chrono Boost)  
  20  1:21  Probe (Chrono Boost)  
  20  1:25  Cybernetics Core  
  21  1:32  Probe  
  24  1:44  Probe  
  25  1:56  Probe  
  26  2:08  Nexus  
  24  2:12  Stargate  
  24  2:18  Adept  
  24  2:22  Probe  
  27  2:28  Warp Gate  
  27  2:34  Probe  
  27  2:40  Pylon  
  27  2:46  Probe  
  27  2:48  Stalker  
  30  2:55  Oracle (Chrono Boost)  
  33  2:58  Probe  
  34  3:14  Probe  
  34  3:15  Shield Battery  
  35  3:20  Stalker  
  35  3:22  Probe  
  35  3:26  Probe  
  39  3:35  Twilight Council  
  39  3:36  Probe  
  40  3:44  Probe  
  41  3:49  Probe  
  41  3:53  Gateway  
  40  3:56  Probe  
  40  4:01  Probe (Chrono Boost)  
  42  4:09  Blink (Chrono Boost)  
  47  4:13  Probe x2 (Chrono Boost)  
  44  4:18  Forge  
  44  4:20  Probe (Chrono Boost)  
  44  4:22  Probe (Chrono Boost)  
  44  4:23  Stalker  
  48  4:26  Assimilator  
  48  4:27  Probe  
  48  4:29  Gateway  
  49  4:32  Probe  
  49  4:38  Pylon  
  50  4:40  Probe  
  50  4:44  Gateway, Probe  
  52  4:48  Stalker  
  54  4:56  Probe  
  54  4:57  Protoss Ground Weapons Level 1 (Chrono Boost), Probe  
  57  5:17  Stalker x2  
  57  5:19  Nexus  
  57  5:21  Pylon  
  59  5:23  Dark Shrine  
  59  5:26  Assimilator  
  59  5:28  Stalker  
  60  5:29  Probe  
  61  5:40  Stalker  
  61  5:42  Photon Cannon  
  63  5:44  Stalker  
  63  5:45  Probe  
  63  5:49  Stalker  
  68  5:50  Probe  
  68  5:56  Charge (Chrono Boost)  
  69  5:57  Probe  
  70  6:08  Pylon  
  70  6:15  Probe x2  
  70  6:20  Stalker  
  70  6:24  Robotics Facility  
  68  6:27  Probe  
  68  6:28  Stalker x2  
  68  6:31  Gateway, Probe  
  74  6:42  Probe  
  75  6:47  Probe  
  75  6:49  Dark Templar x2  
  75  6:50  Probe  
  75  6:53  Stalker x2  
  85  6:56  Photon Cannon  
  85  6:58  Probe  
  85  7:01  Probe  
  87  7:03  Probe  
  84  7:10  Probe  
  84  7:13  Probe  
  86  7:19  Probe  
  87  7:25  Archon  
  87  7:27  Zealot x3  
  87  7:29  Protoss Ground Weapons Level 2 (Chrono Boost)  
  93  7:32  Gateway x2  
  93  7:35  Assimilator, Pylon  
  93  7:36  Assimilator  
  93  7:38  Pylon x2  
  93  7:43  Gateway  
  93  7:44  Templar Archives  
  93  7:48  Photon Cannon  
  93  7:53  Probe x3  
  93  7:54  Pylon, Observer (Chrono Boost), Sentry  
  93  7:55  Zealot  
  101  8:04  Zealot x3  
  107  8:05  Probe x2  
  107  8:06  Probe  
  107  8:10  Pylon  
  110  8:15  Warp Prism (Chrono Boost)  
  110  8:18  Probe  
  113  8:22  High Templar x2  
  113  8:25  Pylon  
  117  8:27  High Templar, Archon  
  117  8:28  High Templar, Zealot x2  
  117  8:32  Archon  
  124  8:41  Nexus  
  124  8:42  Pylon  
  124  8:44  Immortal (Chrono Boost)  
  124  8:45  High Templar x2  
  132  8:48  Archon  
  132  8:53  Pylon  
  132  8:55  Pylon  
  132  8:56  Pylon  
  132  9:10  Robotics Bay  
  132  9:14  High Templar  
  132  9:15  High Templar, Zealot x4  
  142  9:22  Shield Battery, Photon Cannon, Archon  
  142  9:23  Zealot  
  144  9:25  Pylon  
  144  9:28  Sentry  
  144  9:30  Photon Cannon  
  146  9:32  Pylon  
  146  9:36  Probe x2  
  148  9:50  High Templar x2  
  148  9:51  Robotics Facility  
  148  9:52  Dark Templar  
  153  9:53  Zealot x4  
  153  9:55  Archon  
  161  10:05  Forge  
  159  10:07  Zealot  
  159  10:10  Disruptor (Chrono Boost)  
  164  10:16  Zealot x4  
  164  10:20  Pylon  
  172  10:29  Zealot x4  
  176  10:39  Disruptor  
  176  10:40  Dark Templar  
  176  10:41  Zealot x3  
  163  10:52  Dark Templar  
  163  10:53  Zealot x2  
  163  10:55  Zealot  
  149  11:03  Zealot x3  
  104  11:22  Zealot x3  
  104  11:23  Zealot x4  
  104  11:25  Disruptor (Chrono Boost)  
  110  11:29  Disruptor (Chrono Boost)  
  105  11:35  Probe x4  
  92  11:41  Stalker x6  
  96  11:47  Probe x3  
  96  11:53  Probe  
  86  11:57  Stalker  
  86  11:59  Probe  
  86  12:01  Observer (Chrono Boost), Probe  
  89  12:03  Photon Cannon  
  89  12:06  High Templar x4  
  89  12:07  Pylon  
  97  12:11  Archon x2  
  97  12:13  Dark Templar  
  97  12:14  Probe x2  
  97  12:15  Shield Battery  
  101  12:16  Probe  
  102  12:23  Probe  
  102  12:26  High Templar x2  
  102  12:27  Probe x2  
  102  12:29  Archon  
  109  12:30  Protoss Shields Level 1 (Chrono Boost), Probe  
  109  12:35  Probe  
  111  12:38  Zealot x2  
  111  12:39  Probe x2  
  111  12:41  Zealot  
  118  12:49  Probe  
  119  12:51  Pylon  
  119  12:52  Dark Templar x2  
  119  12:55  Stalker  
  110  13:08  Dark Templar x2  
  110  13:10  Zealot  
  112  13:18  Probe x2  
  110  13:21  Probe  
  110  13:24  High Templar x2  
  110  13:25  Stalker x3  
  121  13:29  Archon  
  121  13:30  Photon Cannon  
  124  13:37  Zealot x2  
  125  13:53  Dark Templar x3  
  131  13:57  Stalker  
  131  13:59  Nexus  
  131  14:00  Pylon  
  133  14:05  Dark Templar  
  134  14:10  Dark Templar  
  128  14:22  Dark Templar  
  130  14:31  Probe x2  
  132  14:38  Stalker x4  
  138  14:55  Stalker x4  
  146  15:05  Shield Battery, Photon Cannon  
  146  15:09  Archon x2  
  146  15:14  Photon Cannon  
  145  15:24  Zealot x4  
  145  15:33  Observer  
  144  15:42  Stalker x2  
  142  15:44  Stalker x2  
  129  15:54  Observer  
  117  16:00  High Templar x4  
  117  16:03  Gateway  
  125  16:04  Shield Battery, Gateway  
  125  16:05  Archon x2  
  125  16:08  High Templar  
  125  16:09  Zealot x3  
  133  16:11  Assimilator  
  133  16:12  Assimilator  
  133  16:13  Photon Cannon, Archon  
  130  16:31  Disruptor x2 (Chrono Boost)  
  126  16:35  Dark Templar  
  126  16:39  Zealot x2  
  138  16:41  Zealot x4  
  138  16:42  Zealot  
  138  16:45  Photon Cannon  
  148  16:48  Shield Battery  
  148  16:59  Disruptor (Chrono Boost)  
  146  17:02  Disruptor (Chrono Boost)  
  146  17:07  Zealot x3  
  127  17:24  Stalker  
  127  17:25  Stalker x2  
  130  17:31  Stalker x3  
  132  17:47  Zealot x3  
  132  17:48  Zealot x2  
  137  17:53  Zealot x2  

Tags
 
Add a new tag
Caveats
  • Supply blocks, unpowered buildings, or Contaminate may cause inaccurate times.
  • Supply counts are checked every 10 seconds.